 Dungeon Crawl Stone Soup version 0.30-a0-778-g2ef04afb54 (webtiles) character file.

Game seed: 15681534567753425639

138 Wobber the Slasher (level 5, -5/41 HPs)
             Began as a Barachi Reaver on Feb 16, 2023.
             Was a Priest of Cheibriados.
             Slain by a gnoll
             ... wielding a +0 halberd
              (10 damage)
             ... on level 3 of the Dungeon.
             The game lasted 00:15:48 (1994 turns).

Wobber the Slasher (Barachi Reaver)                 Turns: 1994, Time: 00:15:48

Health: -5/41      AC:  3    Str: 24    XL:     5   Next: 21%
Magic:  9/9        EV: 13    Int: 21    God:    Cheibriados [***...]
Gold:   153        SH:  0    Dex: 18    Spells: 6/9 levels left

rFire   . . .      SeeInvis +    a - +0 falchion
rCold   . . .      Faith    .    (no shield)
rNeg    . . .      Spirit   .    b - +0 leather armour
rPois   .          Reflect  .    (no helmet)
rElec   .          Harm     .    (no cloak)
rCorr   .          Rampage  .    (no gloves)
Will    .....                    (no boots)
Stlth   +                        (no amulet)
HPRegen 0.26/turn                n - ring of see invisible
MPRegen 0.11/turn                (no ring)

@: unable to hop, very slow
A: amphibious, slowness 1, strong legs 1, +LOS
a: Hop, Renounce Religion, Bend Time, Temporal Distortion


You were on level 3 of the Dungeon.
You worshipped Cheibriados.
Cheibriados was most pleased with you.
You visited 1 branch of the dungeon, and saw 4 of its levels.

You collected 153 gold pieces.

Inventory:

Hand Weapons
 a - a +0 falchion (weapon)
 k - the +6 dagger "Trog's Scorn" {freeze, rCorr Int-3 Dex+2}
   (You found it on level 2 of the Dungeon)

   Int:       It affects your intelligence (-3).
   Dex:       It affects your dexterity (+2).
   rCorr:     It protects you from acid and corrosion.
Missiles
 d - 3 atropa-tipped darts
 g - 33 stones
Armour
 b - a +0 leather armour (worn)
 l - a +0 chain mail
Jewellery
 n - a ring of see invisible (left hand)
Scrolls
 c - a scroll of magic mapping
 f - a scroll of poison {unknown}
 h - a scroll of noise {unknown}
 i - a scroll of identify
 o - a scroll of amnesia {unknown}
 p - a scroll of silence {unknown}
Potions
 e - a potion of attraction {unknown}
 j - a potion of degeneration {unknown}
 m - a potion of flight {unknown}


   Skills:
 + Level 3.3 Fighting
 + Level 4.4 Long Blades
 - Level 0.1 Armour
 + Level 3.1 Dodging
 + Level 2.9 Spellcasting
 + Level 3.8 Conjurations
 - Level 0.8 Necromancy
 + Level 1.0 Translocations
 - Level 0.1 Earth Magic


You had 6 spell levels left.
You knew the following spells:

 Your Spells              Type           Power      Damage    Failure   Level
a - Kiss of Death         Conj/Necr      48%        2d9       6%          1
b - Momentum Strike       Conj/Tloc      26%        3d8       9%          2

Your spell library contained the following spells:

 Spells                   Type           Power      Damage    Failure   Level
 Hailstorm                Conj/Ice       11%        3d5       21%         3
 Kindle Blastsparks       Fire/Tloc/Air  8%         2d10      38%         3
 Iskenderun's Mystic Bla  Conj/Tloc      13%        2d5       50%         4
 Fulminant Prism          Conj/Hex       5%         3d7       56%         4
 Leda's Liquefaction      Hex/Erth       1%         N/A       83%         4
 Lee's Rapid Deconstruct  Erth           1%         3d4*      99%         5
 Statue Form              Tmut/Erth      2%         N/A       100%        6


Dungeon Overview and Level Annotations

Branches:
Dungeon (4/15)
 Temple: D:4-7

Altars:
Cheibriados
Xom

Annotations:
D:3 2 runed translucent doors


Innate Abilities, Weirdness & Mutations

You are amphibious.
You cover ground slowly.
You can hop short distances.
You have an extended range of vision and can be seen from far away.


Message History

The gnoll hits you with a +0 spear.
You completely miss the gnoll.
The gnoll is severely wounded.
The gnoll hits you with a +0 spear!
You hit the gnoll.
The gnoll is almost dead.
The gnoll closely misses you.
You slash the gnoll!
You kill the gnoll!
Cheibriados thoroughly appreciates the change of pace.
Your Translocations skill increases to level 1!
Things that are here:
a +0 spear; a gnoll corpse HP restored.
Found a stone staircase leading down.
You now have 153 gold pieces (gained 15).
The gnoll shouts!
An adder zombie comes into view.
The gnoll closely misses you. The gnoll barely misses you.
The gnoll hits you with a +0 halberd! The gnoll misses you.
The gnoll attacks as you move away! The gnoll closely misses you. x2
The adder zombie closely misses you.
The gnoll hits you from afar with a +0 halberd!
You barely miss the adder zombie. The adder zombie bites you.
The gnoll hits you from afar with a +0 halberd.
The adder zombie bites you but does no damage.
Hop to where?
Press: ? - help, Dir - move target
Okay, then.
Hop to where?
Press: ? - help, Dir - move target Boing!
The gnoll hits you with a +0 halberd!
* * * LOW HITPOINT WARNING * * *
The gnoll closely misses you.
You closely miss the gnoll. The adder zombie bites you.
* * * LOW HITPOINT WARNING * * *
The gnoll hits you with a +0 halberd!
You die...

#.........)..# #.....
#.......###### ####.# #......)#
####### #.. #.......#
#.....####### #.......#
#.....#...### #.......#
#......###.## #.......#
#.....## ##.# ######.####.....#
#.. #.@.......#.## ##.#
#Zg#########>###.##
#..##.......#...##.
#.##.....##.##.###. ####
##.##..##.......# #.
.....#######..........#.######.
#.##..................#. #...
#........##............. #.##
..##..##.##.###..#....## #


You could see a gnoll and an adder zombie.

Vanquished Creatures
  2 adders (D:2)
  3 gnolls
  2 adder skeletons (D:3)
  2 worms (D:2)
  2 dart slugs
  8 orcs (D:3)
  4 ball pythons
  5 bats
  6 endoplasms
  4 giant cockroaches
  6 goblins
  3 hobgoblins (D:1)
  3 jackals (D:1)
  4 quokkas
  2 frilled lizards
  A jackal zombie (D:3)
  3 kobolds
  7 rats
67 creatures vanquished.

Notes
Turn   | Place    | Note
-------+----------+-------------------------------------------
     0 | D:1      | Wobber the Barachi Reaver began the quest for the Orb.
     0 | D:1      | Reached XP level 1. HP: 17/17 MP: 3/3
    93 | D:1      | Found a faded altar of an unknown god.
   125 | D:1      | Prayed at the altar of an unknown god.
   125 | D:1      | Became a worshipper of Cheibriados the Contemplative
   125 | D:1      | Reached * piety under Cheibriados
   145 | D:1      | Reached XP level 2. HP: 23/23 MP: 5/5
   301 | D:1      | Reached ** piety under Cheibriados
   328 | D:1      | Reached XP level 3. HP: 28/28 MP: 6/6
   450 | D:1      | Reached skill level 4 in Long Blades
   860 | D:2      | Identified the +6 dagger "Trog's Scorn" {freeze, rCorr
                  | Int-3 Dex+2}
   918 | D:2      | Reached XP level 4. HP: 30/30 MP: 6/8
   990 | D:2      | Reached *** piety under Cheibriados
  1103 | D:2      | Learned a level 2 spell: Momentum Strike
  1458 | D:3      | Found a large runed translucent door.
  1458 | D:3      | Found a large runed translucent door.
  1459 | D:3      | Found a shimmering altar of Xom.
  1669 | D:4      | Reached XP level 5. HP: 10/41 MP: 9/9
  1921 | D:3      | Reached skill level 1 in Translocations
  1994 | D:3      | Slain by a gnoll

Illustrated notes

Levels and vault maps discovered:
D:1:      dpeg_arrival_concentric_ovals, layout_rooms,
          hellmonk_ecumenical_altar_run_dry, nicolae_wormholes
D:2:      layout_rooms
D:3:      due_chaos_kobolds, layout_loops_cross, amcnicky_altar_gilded,
          serial_undead, serial_undead_f, serial_undead_a, serial_undead_b,
          serial_undead_e, serial_undead_a, serial_undead_a, serial_undead_b,
          serial_undead_b
D:4:      layout_layer_cave, mainiacjoe_overflow_paths,
          kennysheep_generic_room_5, uniq_pikel, uniq_sigmund, uniq_duvessa

Skill      XL: |  1  2  3  4  5 |
---------------+----------------+-----
Long Blades    | 4 |  4.4
Fighting       | 3 |  3.3
Dodging        | 3 |  3.1
Translocations | 1 |  1.0
Armour         | |  0.1
Spellcasting   | |  2.9
Conjurations   | |  3.8
Necromancy     | |  0.8
Earth Magic    | |  0.1

Action                     |  1- 3 |  4- 6 || total
---------------------------+-------+-------++-------
  Melee: Falchion          |   108 |    14 ||   122
         Dagger            |     1 |    72 ||    73
         Punch             |       |     1 ||     1
   Cast: Kiss of Death     |     1 |       ||     1
 Invoke: Temporal Distorti |       |     1 ||     1
Ability: Hop               |     1 |     2 ||     3
    Use: Scroll            |       |     1 ||     1
   Stab: Sleeping          |     1 |     1 ||     2
 Armour: Leather armour    |    33 |    21 ||    54
  Dodge: Dodged            |    77 |    57 ||   134

Table legend: (Time is in decaauts)
 A = Elapsed time spent in this place.
 B = Non-inter-level travel time spent in this place.
 C = Inter-level travel time spent in this place.
 D = Time resting spent in this place.
 E = Time spent auto-exploring this place.
 F = Levels seen in this place.
 G = Mean time per level.
                   A        B        C        D        E       F      G
               +--------+--------+--------+--------+--------+-----+--------+
         Total |   2883 |   2786 |     97 |    297 |   1600 |   4 |  720.8 |
       Dungeon |   2883 |   2786 |     97 |    297 |   1600 |   4 |  720.8 |
               +--------+--------+--------+--------+--------+-----+--------+

Top non-repeatable levels by time:
     D:1: 1002 daAuts
     D:2: 918 daAuts
     D:3: 650 daAuts
     D:4: 311 daAuts
